 Dungeon Crawl Stone Soup version bcrawl-1.34.4 (webtiles) character file.

Game seed: 9066334833293861261

390502 KristoblXynda the Slicer (level 10, -6/73 HPs)
             Began as a Kobold Gladiator on Nov 5, 2021.
             Was a Believer of Dithmenos.
             Mangled by a gnoll sergeant
             ... wielding a +6 spear of piercing
              (16 damage)
             ... on level 8 of the Dungeon.
             The game lasted 00:10:28 (6186 turns).

KristoblXynda the Slicer (Kobold Gladiator)         Turns: 6186, Time: 00:10:29

Health: -6/73      AC:  7    Str: 15    XL:     10   Next: 80%
Magic:  10/10      EV: 22    Int: 10    God:    Dithmenos [**....]
Gold:   569        SH:  4    Dex: 16    Spells: 9/9 levels left

rFire    . . .     SeeInvis .   b - +1 dagger (elec)
rCold    . . .     Gourm    .   (shield restricted)
rNeg     . . .     Faith    .   q - +0 ring mail
rPois    .         Spirit   .   c - +0 helmet
rElec    .         Reflect  +   (no cloak)
rCorr    .         Harm     .   (no gloves)
MR       .....                  (no boots)
Stlth    +++++.....             p - +4 amulet of reflection
HPRegen  0.22/turn              f - +3 ring of evasion
MPRegen  0.12/turn              (no ring)

@: wreathed by umbra
A: small, talons 1, carnivore, mutation resistance 1, sense surroundings 2
a: Shadow Step, Renounce Religion


You were on level 8 of the Dungeon.
You worshipped Dithmenos.
Dithmenos was pleased with you.
You were very full.

You visited 2 branches of the dungeon, and saw 9 of its levels.

You collected 569 gold pieces.

Inventory:

Hand Weapons
 a - a +1 rapier
 b - a +1 dagger of electrocution (weapon)
Missiles
 d - 2 throwing nets (quivered) {=f}
Armour
 c - a +0 helmet (worn)
 q - a +0 ring mail (worn)
 z - a +0 buckler
Jewellery
 f - a +3 ring of evasion (left hand)
 p - a +4 amulet of reflection (around neck)
Wands
 y - a wand of iceblast (11)
 A - a wand of polymorph (8)
Scrolls
 g - 2 scrolls of blinking
 h - a scroll of fear
 i - a scroll of identify
 j - 3 scrolls of remove curse
 k - 4 scrolls of teleportation
 l - a scroll of noise {unknown}
 o - a scroll of immolation {unknown}
 t - a scroll of magic mapping {unknown}
 u - 2 scrolls of fog
 D - 2 scrolls of enchant weapon
Potions
 m - a potion of brilliance
 n - 2 potions of haste {unknown}
 r - 2 potions of might
 s - a potion of agility {unknown}
 v - 2 potions of curing
 w - 3 potions of mutation {unknown}
 x - 4 potions of flight
 C - a potion of berserk rage {unknown}
 E - a potion of heal wounds
Comestibles
 e - 9 rations {!d}


   Skills:
 + Level 8.4 Fighting
 + Level 9.9 Short Blades
 - Level 3.3 Throwing
 + Level 5.8 Armour
 + Level 9.2 Dodging
 + Level 9.6 Stealth


You had 9 spell levels left.
You didn't know any spells.
Your spell library was empty.

Dungeon Overview and Level Annotations

Branches:
Dungeon (8/12)             Temple (1/1) D:6
   Lair: D:7-9          Orc: D:8-11

Altars:
Ashenzari
Cheibriados
Dithmenos
Elyvilon
Fedhas
Gozag
Hepliaklqana
Kikubaaqudgha
Lugonu
Makhleb
Nemelex Xobeh
Okawaru
Qazlal
Ru
Sif Muna
Trog
Uskayaw
Vehumet
Wu Jian
Xom
Yredelemnul
Zin
The Shining One


Innate Abilities, Weirdness & Mutations

You are small and have problems with some larger weapons.
You have sharp toenails.
You are carnivorous and can eat meat at any time.
You are somewhat resistant to further mutation.
You passively map the area around you.


Message History

The gnoll sergeant barely misses you.
You hit the troll.
The troll is severely wounded.
You hit the troll.
The troll is severely wounded.
The troll bites you but does no damage. The troll closely misses you. x2
The gnoll sergeant hits you from afar with a +6 spear of piercing!
You hit the troll.
The troll is almost dead.
You hit the troll. Lightning courses through the troll!!
You kill the troll!
Dithmenos accepts your kill.
The gnoll sergeant hits you from afar with a +6 spear of piercing.
* * * LOW HITPOINT WARNING * * *
The gnoll sergeant hits you with a +6 spear of piercing!
* * * LOW HITPOINT WARNING * * *
x2
There are monsters nearby!
No path to travel!
The gnoll sergeant hits you from afar with a +6 spear of piercing!
You die...

.......###..# *### * * ,
#####....#[.####.##,*, *, ,
#....#........## * , *, * ,
#....#.........# * * ,
,#....#.......>## , * ,
#>...#........##### ,
.###....##...##..##..## *
#.#.......#...##..##...# .##,
..#.......#.....@.ggg..# ....
..#.......+.......##'###.....,
.##.......#.......#..........
,,
.#....##+##.......+..........,
.#....# *#########g....#+###*
, .'....# , .......gg...#
'#....# ,............# *,,
......#, ............# , ,
......# **,,............#* , ,


You could see a gnoll sergeant and 2 gnolls.

Vanquished Creatures
  Joseph (D:7)
  3 trolls
  A hornet (D:6)
  A hippogriff (D:7)
  A hungry ghost (D:6)
  A crocodile (D:6)
  Edmund (D:6)
  Menkaure (D:6)
  Duvessa (D:7)
  4 sky beasts
  3 ice beasts
  2 black bears (D:7)
  A phantom (D:4)
  An ogre (D:5)
  3 centaurs (D:6)
  A big kobold (D:7)
  4 bullfrogs
  Dowan (D:7)
  3 scorpions
  A jelly (D:5)
  A howler monkey (D:3)
  An orc priest (D:6)
  4 crimson imps
  3 hounds
  A quasit (D:6)
  2 orc wizards (D:7)
  A gnoll shaman (D:4)
  A centaur skeleton (D:6)
  5 iguanas
  A bullfrog skeleton (D:5)
  6 worker ants
  A worker ant zombie (D:6)
  19 gnolls
  3 howler monkey skeletons
  9 adders
  3 shadow imps
  2 oozes (D:3)
  2 adder skeletons (D:7)
  3 worms
  4 leopard geckos
  8 orcs
  5 goblins
  4 hobgoblins
  16 jackals
  9 kobolds
  5 quokkas
  A ball python (D:1)
  2 bats
  3 frilled lizards
  A jackal zombie (D:5)
  3 rats
164 creatures vanquished.

Notes
Turn   | Place    | Note
-------+----------+-------------------------------------------
     0 | D:1      | KristoblXynda the Kobold Gladiator began the quest for the
                  | Orb.
     0 | D:1      | Reached XP level 1. HP: 16/16 MP: 1/1
   163 | D:1      | Reached XP level 2. HP: 21/21 MP: 2/2
   874 | D:2      | Reached XP level 3. HP: 26/26 MP: 3/3
  1323 | D:3      | Reached XP level 4. HP: 28/33 MP: 4/4
  1328 | D:3      | Reached skill level 1 in Stealth
  1500 | D:3      | Reached skill level 5 in Short Blades
  1500 | D:3      | Reached XP level 5. HP: 30/37 MP: 5/5
  1705 | D:3      | Found a sparkling altar of Nemelex Xobeh.
  2092 | D:4      | Reached XP level 6. HP: 19/44 MP: 6/6
  2220 | D:4      | Reached skill level 5 in Dodging
  2242 | D:4      | Noticed a phantom
  2277 | D:4      | Killed a phantom
  2278 | D:4      | Noticed a sky beast
  2403 | D:4      | Killed a sky beast
  2404 | D:4      | Reached skill level 5 in Fighting
  2404 | D:4      | Reached XP level 7. HP: 50/50 MP: 7/7
  2440 | D:4      | Found a shadowy altar of Dithmenos.
  2544 | D:4      | Became a worshipper of Dithmenos the Shadowed
  2550 | D:4      | Reached skill level 1 in Armour
  2576 | D:4      | Reached skill level 5 in Stealth
  2576 | D:4      | Reached XP level 8. HP: 34/56 MP: 8/8
  3130 | D:5      | Entered Level 5 of the Dungeon
  3273 | D:5      | Noticed a troll
  3283 | D:5      | Killed a troll
  3583 | D:5      | Noticed a +0 spear
  3583 | D:5      | Noticed a +0 dagger
  3584 | D:5      | Noticed a +0 falchion
  3584 | D:5      | Noticed a +0 spear
  3584 | D:5      | Noticed a +0 falchion
  3585 | D:5      | Noticed a +0 short sword
  3585 | D:5      | Noticed a +0 short sword
  3585 | D:5      | Noticed a +0 dagger
  3597 | D:5      | Found a hide-covered altar of Uskayaw.
  3622 | D:5      | Reached XP level 9. HP: 63/63 MP: 9/9
  3700 | D:5      | Found a glowing golden altar of the Shining One.
  3701 | D:5      | Found a blossoming altar of Fedhas.
  3743 | D:5      | Found a shimmering altar of Xom.
  3745 | D:5      | Found a burning altar of Makhleb.
  3941 | D:5      | Reached * piety under Dithmenos
  4139 | D:6      | Found a staircase to the Ecumenical Temple.
  4181 | Temple   | Entered the Ecumenical Temple
  4378 | D:6      | Noticed Menkaure
  4393 | D:6      | Killed Menkaure
  4718 | D:6      | Noticed a hornet
  4734 | D:6      | Killed a hornet
  4735 | D:6      | Reached XP level 10. HP: 34/71 MP: 10/10
  5014 | D:6      | Noticed Edmund
  5056 | D:6      | Killed Edmund
  5056 | D:6      | Reached ** piety under Dithmenos
  5247 | D:7      | Noticed Joseph
  5298 | D:7      | Reached skill level 5 in Armour
  5614 | D:7      | Killed Joseph
  5736 | D:7      | Found an ancient bone altar of Kikubaaqudgha.
  5762 | D:7      | Noticed Duvessa
  5766 | D:7      | Noticed Dowan
  5781 | D:7      | Killed Duvessa
  5785 | D:7      | Killed Dowan
  6186 | D:8      | Mangled by a gnoll sergeant

Skill      XL: |  1  2  3  4  5  6  7  8  9 10 |
---------------+-------------------------------+-----
Throwing       | 3 |  3.3
Dodging        | 4 5 6 7 8 9 |  9.2
Stealth        | 2 4 5 6 8 9 |  9.6
Fighting       | 4 5 6 7 8 |  8.4
Short Blades   | 5 6 7 8 9 |  9.9
Armour         | 1 3 4 5 |  5.8

Action                   |  1- 3 |  4- 6 |  7- 9 | 10-12 || total
-------------------------+-------+-------+-------+-------++-------
Melee: Rapier            |    89 |   123 |   273 |    93 ||   578
       Kick              |    23 |    27 |    75 |    50 ||   175
       Dagger            |       |       |       |    94 ||    94
       Unarmed           |       |       |       |    26 ||    26
Throw: Throwing net      |       |       |     1 |     2 ||     3
  Use: Scroll            |     1 |     4 |     5 |     1 ||    11
       Potion            |     1 |       |       |     1 ||     2
 Stab: Sleeping          |     1 |     3 |     6 |     8 ||    18
       Held in net/web   |       |       |     2 |     1 ||     3
       Distracted        |       |       |     1 |       ||     1
  Eat: Chunk             |     7 |     4 |    23 |     7 ||    41
Armor: Leather armour    |    10 |     4 |    23 |     1 ||    38
       Ring mail         |       |       |       |    11 ||    11
       Skin              |       |       |       |     1 ||     1
Dodge: Dodged            |    64 |    86 |   281 |   165 ||   596
Block: Other             |     6 |    16 |    49 |    32 ||   103
       Reflection        |       |       |       |     1 ||     1
